 Dungeon Crawl Stone Soup version 0.31-a0-700-gf13585253f (webtiles) character file.

Game seed: 12417773124931140387

386 pokeman the Magician (level 6, -2/34 HPs)
             Began as a Deep Elf Hedge Wizard on Sept 7, 2023.
             Succumbed to a water moccasin's poison
             ... on level 5 of the Dungeon.
             The game lasted 00:06:46 (4376 turns).

pokeman the Magician (Deep Elf Hedge Wizard)        Turns: 4376, Time: 00:06:47

Health: -2/34      AC:  8    Str: 11    XL:     6   Next: 48%
Magic:  9/18       EV: 13    Int: 29    God:
Gold:   175        SH:  0    Dex: 14    Spells: 11/19 levels left

rFire   . . .        p - +0 trident (freeze)
rCold   . . .        (no shield)
rNeg    . . .        b - +0 robe
rPois   .            y - +0 helmet
rElec   .            t - +0 cloak of Femmuim {*Corrode Str+4 Int+2}
rCorr   .            (no gloves)
SInv    .            (no boots)
Will    .....        (no amulet)
Stlth   ++           e - +6 ring of intelligence
HPRegen 0.25/turn    m - +4 ring of protection
MPRegen 0.16/turn

%: corrode self (3%)
@: lethally poisoned (-2 -> -31)
A: no striking features
a: no special abilities


You were on level 5 of the Dungeon.
You visited 1 branch of the dungeon, and saw 5 of its levels.

You collected 175 gold pieces.

Inventory:

Hand Weapons
 p - a +0 trident of freezing (weapon)
Missiles
 l - a throwing net
Armour
 b - a +0 robe (worn)
 t - the +0 cloak of Femmuim (worn) {*Corrode Str+4 Int+2}
   (You found it on level 4 of the Dungeon)

   Str+4:     It affects your strength (+4).
   Int+2:     It affects your intelligence (+2).
   *Corrode:  It may corrode you when you take damage.
 y - a +0 helmet (worn)
Magical Staves
 k - a staff of air
Jewellery
 e - a +6 ring of intelligence (left hand)
 m - a +4 ring of protection (right hand)
 n - a ring of positive energy
Scrolls
 a - a scroll of fog {unknown}
 g - 3 scrolls of identify {unknown}
 i - 2 scrolls of teleportation {unknown}
 q - a scroll of torment {unknown}
 r - 2 scrolls of butterflies {unknown}
 s - a scroll of blinking {unknown}
 v - a scroll of noise {unknown}
 w - 2 scrolls of vulnerability {unknown}
Potions
 c - a potion of mutation {unknown}
 d - a potion of magic
 f - a potion of ambrosia {unknown}
 h - a potion of degeneration {unknown}
 j - 2 potions of lignification {unknown}
 o - a potion of berserk rage {unknown}
 u - a potion of curing {unknown}
 x - 2 potions of haste {unknown}


   Skills:
 - Level 1.3 Fighting
 - Level 1.3 Armour
 - Level 3.0 Dodging
 - Level 3.0 Stealth
 * Level 7.1 Spellcasting
 + Level 3.2 Conjurations
 - Level 1.1 Summonings
 - Level 1.1 Translocations
 - Level 1.1 Air Magic
 - Level 1.0 Poison Magic
 - Level 1.0 Evocations


You had 11 spell levels left.
You knew the following spells:

 Your Spells              Type           Power      Damage    Failure   Level
a - Magic Dart            Conj           100%       1d8       1%          1
b - Mephitic Cloud        Conj/Pois/Air  20%        N/A       7%          3
c - Call Imp              Summ           32%        N/A       4%          2
d - Blink                 Tloc           32%        N/A       4%          2

Your spell library contained the following spells:

 Spells                   Type           Power      Damage    Failure   Level
 Summon Small Mammal      Summ           64%        N/A       3%          1
 Slow                     Hex            40%        N/A       4%          1
 Cigotuvi's Dreadful Rot  Necr/Pois/Air  28%        N/A       5%          2
 Call Canine Familiar     Summ           16%        N/A       10%         3
 Summon Guardian Golem    Hex/Summ       13%        N/A       12%         3


Dungeon Overview and Level Annotations

Branches:
Dungeon (5/15)             Temple (0/1) D:4

Altars:
Okawaru
Uskayaw

Shops:
D:4 *


Message History

Aiming: Magic Dart (safe; 1% risk of failure)
Press: ? - help, Shift-Dir - straight line, f/p - water moccasin
Aim: a water moccasin (moderately wounded, 100% to hit)
The magic dart hits the water moccasin.
The water moccasin is heavily wounded.
Reach: p) +0 trident (freeze)
Press: ? - help, Dir - move target, f/p - water moccasin
Aim: a water moccasin (heavily wounded, about 65% to evade your +0 trident of freezing)
You barely miss the water moccasin.
The water moccasin is heavily wounded.
The water moccasin misses you. The water moccasin bites you.
You are poisoned.
The water moccasin poisons you!
Casting: Magic Dart (safe; 1% risk of failure)
Confirm with . or Enter, or press ? or * to list all spells.
You blink.
You feel very sick.
Unknown command.
Casting: Blink (safe; 4% risk of failure)
Confirm with . or Enter, or press ? or * to list all spells.
A tiny devil pulls itself out of the air.
You feel sick.
You feel sick. The water moccasin bites you.
You are lethally poisoned!
The water moccasin poisons you!
Your cerulean imp misses the water moccasin.
You feel very sick. The water moccasin bites you.
You are more poisoned.
The water moccasin poisons you!
Your cerulean imp closely misses the water moccasin.
* * * LOW HITPOINT WARNING * * *
You feel extremely sick.
The water moccasin barely misses your cerulean imp.
The scorpion stings your cerulean imp.
Your cerulean imp hits the scorpion but does no damage.
Things that are here:
a +0 spear; a +0 scale mail; a gnoll corpse You feel stable enough to blink again.
You die...

#### .. ...
##).## .##...
#....## #....##
#@..S.##......#
#.)5s.........?
#.............#
##..)..........
#......##...
#...##..# ..
##.##..## .
#......#
.....^...


You could see a water moccasin, a scorpion (ally target) and a friendly cerulean
imp (summoned).

Vanquished Creatures
  2 scorpions (D:5)
  A jelly (D:5)
  An iguana (D:5)
  Robin (D:4)
  7 gnolls
  5 adders
  2 ufetubi
  3 worms
  A dart slug (D:2)
  6 orcs (D:3)
  3 endoplasms (D:2)
  2 giant cockroaches
  11 goblins
  4 hobgoblins
  6 jackals (D:2)
  2 quokkas (D:2)
  2 ball pythons (D:1)
  5 bats (D:2)
  A frilled lizard (D:3)
  5 kobolds
  2 rats (D:1)
72 creatures vanquished.

Notes
Turn   | Place    | Note
-------+----------+-------------------------------------------
     0 | D:1      | pokeman the Deep Elf Hedge Wizard began the quest for the
                  | Orb.
     0 | D:1      | Reached XP level 1. HP: 10/10 MP: 7/7
   595 | D:1      | Found a faded altar of an unknown god.
   642 | D:2      | Reached XP level 2. HP: 9/16 MP: 2/9
  1210 | D:2      | Reached skill level 5 in Spellcasting
  1404 | D:2      | Reached XP level 3. HP: 20/20 MP: 5/11
  1408 | D:2      | Learned a level 3 spell: Mephitic Cloud
  1411 | D:2      | Learned a level 2 spell: Call Imp
  1414 | D:2      | Learned a level 2 spell: Blink
  1806 | D:2      | Reached skill level 1 in Armour
  1811 | D:2      | Reached skill level 1 in Fighting
  2131 | D:3      | Reached XP level 4. HP: 25/25 MP: 3/13
  2648 | D:3      | Found an iron altar of Okawaru.
  3132 | D:3      | Found a hide-covered altar of Uskayaw.
  3200 | D:4      | Reached skill level 6 in Spellcasting
  3200 | D:4      | Reached XP level 5. HP: 29/29 MP: 9/15
  3239 | D:4      | Found Zepsorot's Neck Hole.
  3284 | D:4      | Found a staircase to the Ecumenical Temple.
  3361 | D:4      | Identified the +0 cloak of Femmuim {*Corrode Str+4 Int+2}
  3645 | D:4      | Noticed Robin
  3658 | D:4      | Killed Robin
  4117 | D:5      | Entered Level 5 of the Dungeon
  4135 | D:5      | Reached skill level 1 in Evocations
  4135 | D:5      | Reached XP level 6. HP: 34/34 MP: 3/17
  4261 | D:5      | Reached skill level 7 in Spellcasting
  4261 | D:5      | Reached skill level 1 in Poison Magic
  4354 | D:5      | Reached skill level 1 in Air Magic
  4366 | D:5      | Noticed a water moccasin
  4376 | D:5      | Succumbed to a water moccasin's poison

Illustrated notes

Levels and vault maps discovered:
D:1:      matt_arrival_refuge, layout_rooms,
          shapermc_ecumenical_altar_acropolis, chequers_serial_rivers_small_b,
          hangedman_abyss_or_decor_stabs, minmay_misc_feat_ornament,
          nrook_loot_triangle
D:2:      layout_rooms, kennysheep_cluttered_room
D:3:      layout_basic, mainiacjoe_overflow_cross_hatched,
          nicolae_uskayaw_suspiria
D:4:      layout_basic, minmay_temple_entry_from_below_b, fountainhead,
          nicolae_shop_sticking_my_neck_out, uniq_robin
D:5:      layout_cave_pools, mainiacjoe_overflow_boulevard,
          mainiacjoe_overflow_small_starburst, worldfamousw_hep_ancestral_shrine

Skill      XL: |  1  2  3  4  5  6 |
---------------+-------------------+-----
Spellcasting   | 5 6 7 |  7.1
Armour         | 1 |  1.3
Fighting       | 1 |  1.3
Conjurations   | 2 3 |  3.2
Stealth        | 3 |  3.0
Dodging        | 3 |  3.0
Evocations     | 1 |  1.0
Poison Magic   | 1 |  1.0
Air Magic      | 1 |  1.1
Summonings     | |  1.1
Translocations | |  1.1

Action                     |  1- 3 |  4- 6 || total
---------------------------+-------+-------++-------
  Melee: Dagger            |    10 |     9 ||    19
         Trident           |       |    25 ||    25
   Cast: Magic Dart        |    99 |    95 ||   194
         Mephitic Cloud    |     1 |     5 ||     6
         Blink             |       |     1 ||     1
         Call Imp          |       |     1 ||     1
   Stab: Confused          |       |     3 ||     3
 Armour: Robe              |    26 |    22 ||    48
  Dodge: Dodged            |    23 |    22 ||    45

Table legend: (Time is in decaauts)
 A = Elapsed time spent in this place.
 B = Non-inter-level travel time spent in this place.
 C = Inter-level travel time spent in this place.
 D = Time resting spent in this place.
 E = Time spent auto-exploring this place.
 F = Levels seen in this place.
 G = Mean time per level.
                   A        B        C        D        E       F      G
               +--------+--------+--------+--------+--------+-----+--------+
         Total |   4387 |   4056 |    331 |    205 |   3266 |   5 |  877.4 |
       Dungeon |   4387 |   4056 |    331 |    205 |   3266 |   5 |  877.4 |
               +--------+--------+--------+--------+--------+-----+--------+

Top non-repeatable levels by time:
     D:2: 1175 daAuts
     D:3: 1039 daAuts
     D:1: 970 daAuts
     D:4: 938 daAuts
     D:5: 263 daAuts
